 Dungeon Crawl Stone Soup version 0.31-a0-152-g6aa68a64a1 (webtiles) character file.

Game seed: 10330792361846125703

156 senseless the Covered (level 5, -1/47 HPs)
             Began as a Minotaur Fighter on June 9, 2023.
             Slain by a gnoll
             ... wielding a +0 spear
              (4 damage)
             ... on level 4 of the Dungeon.
             The game lasted 00:02:11 (766 turns).

senseless the Covered (Minotaur Fighter)             Turns: 766, Time: 00:02:12

Health: -1/47      AC:  7    Str: 23    XL:     5   Next: 15%
Magic:  4/4        EV:  9    Int:  5    God:
Gold:   22         SH:  4    Dex:  9    Spells: 4/4 levels left

rFire   . . .        a - +0 war axe
rCold   . . .        c - +0 buckler
rNeg    . . .        b - +0 scale mail
rPois   .            (helmet restricted)
rElec   .            (no cloak)
rCorr   .            (no gloves)
SInv    .            (no boots)
Will    .....        (no amulet) Stlth
                     (no ring)
HPRegen 0.27/turn    (no ring)
MPRegen 0.09/turn

%: no passive effects
@: no status effects
A: horns 2, retaliatory headbutt
a: no special abilities


You were on level 4 of the Dungeon.
You visited 1 branch of the dungeon, and saw 3 of its levels.

You collected 22 gold pieces.

Inventory:

Hand Weapons
 a - a +0 war axe (weapon)
Missiles
 i - 6 curare-tipped darts (quivered)
Armour
 b - a +0 scale mail (worn)
 c - a +0 buckler (worn)
Scrolls
 e - a scroll of blinking {unknown}
 f - a scroll of immolation {unknown}
 h - 3 scrolls of identify {unknown}
Potions
 d - a potion of might
 g - 2 potions of enlightenment {unknown}
 j - a potion of lignification {unknown}


   Skills:
 + Level 4.7 Fighting
 + Level 3.9 Axes
 + Level 4.7 Armour
 + Level 4.6 Shields


You had 4 spell levels left.
You didn't know any spells.
Your spell library was empty.

Dungeon Overview and Level Annotations

Branches:
Dungeon (2/15)

Altars:
Zin


Innate Abilities, Weirdness & Mutations

You have a pair of horns on your head.
You reflexively headbutt those who attack you in melee.


Message History

The giant cockroach bites you but does no damage.
You hit the giant cockroach but do no damage.
Your headbutt misses the giant cockroach.
You barely miss the worm. The giant cockroach barely misses you.
The gnoll hits you from afar with a +0 spear.
You block the gnoll's attack. The worm bites you!
You barely miss the giant cockroach. You headbutt the giant cockroach.
You kill the giant cockroach!
You hit the worm.
You kill the worm!
The gnoll hits you but does no damage.
The gnoll hits you from afar with a +0 spear. x2
The gnoll barely misses you. The gnoll hits you with a +0 spear.
* * * LOW HITPOINT WARNING * * *
You block the gnoll's attack. The gnoll hits you with a +0 spear.
* * * LOW HITPOINT WARNING * * *
You see here a giant cockroach corpse.
You hit the gnoll but do no damage. You headbutt the gnoll.
The gnoll is moderately wounded.
You closely miss the gnoll. The gnoll hits you with a +0 spear.
* * * LOW HITPOINT WARNING * * *
You block the gnoll's attack. The gnoll hits you but does no damage.
You closely miss the gnoll. Your headbutt misses the gnoll.
The gnoll is moderately wounded.
You hit the gnoll. The gnoll completely misses you.
The gnoll barely misses you. You block the gnoll's attack.
You hit the gnoll.
The gnoll is almost dead.
You barely miss the gnoll. The gnoll hits you but does no damage.
The gnoll hits you with a +0 spear.
* * * LOW HITPOINT WARNING * * *
The gnoll misses you. The gnoll hits you with a +0 spear.
* * * LOW HITPOINT WARNING * * *
The gnoll hits you but does no damage. The gnoll barely misses you.
You slash the gnoll!
You kill the gnoll!
You closely miss the gnoll. You block the gnoll's attack.
The gnoll hits you from afar with a +0 spear.
You die...

. .# ##....# # #
##.#.# #. ###.# #.##
#.# ..#### #.#######
#....####>#...... .
##.##.##†....#
##.##.....)......###
#......†...)@)))......
#.#.......##)g........
#.......##.g.....#.#
##..<[..##........_.
#.#.............#.#
......####..........
##...### #......?..
#... ###...### #... .


You could see 2 gnolls.

Vanquished Creatures
  A howler monkey (D:4)
  A hound (D:4)
  2 gnolls (D:4)
  2 worms
  4 orcs (D:4)
  4 bats (D:1)
  9 endoplasms (D:1)
  6 giant cockroaches
  5 goblins
  4 hobgoblins
  3 jackals (D:1)
  3 kobolds
  4 quokkas
  10 ball pythons
  2 frilled lizards
  8 rats (D:1)
68 creatures vanquished.

Notes
Turn   | Place    | Note
-------+----------+-------------------------------------------
     0 | D:1      | senseless the Minotaur Fighter began the quest for the Orb.
     0 | D:1      | Reached XP level 1. HP: 19/19 MP: 0/0
     1 | D:1      | Found a runed translucent door.
    79 | D:1      | Reached XP level 2. HP: 27/27 MP: 1/1
   481 | D:1      | Reached XP level 3. HP: 27/33 MP: 2/2
   621 | D:2      | You fall into a shaft and drop 2 floors!
   680 | D:4      | Found a glowing silver altar of Zin.
   685 | D:4      | Reached XP level 4. HP: 40/40 MP: 3/3
   699 | D:4      | Reached XP level 5. HP: 35/47 MP: 4/4
   765 | D:4      | HP: 2/47 [gnoll/+0 spear (1)]
   766 | D:4      | Slain by a gnoll

Illustrated notes

Levels and vault maps discovered:
D:1:      dpeg_arrival_caged_fury, layout_rooms
D:2:      layout_basic, uniq_jessica, uniq_terence
D:4:      layout_loops_cross, lemuel_crystal_altar,
          minmay_temple_entry_antechambers, minmay_bent

Skill      XL: |  1  2 |
---------------+-------+-----
Fighting       | 4 |  4.7
Shields        | 4 |  4.6
Armour         | 4 |  4.7
Axes           | 3 |  3.9

Action                     |  1- 3 |  4- 6 || total
---------------------------+-------+-------++-------
  Melee: War axe           |    93 |    29 ||   122
         Headbutt          |    16 |     7 ||    23
 Armour: Scale mail        |    42 |    17 ||    59
  Dodge: Dodged            |    41 |    27 ||    68
  Block: Buckler           |    23 |    13 ||    36

Table legend: (Time is in decaauts)
 A = Elapsed time spent in this place.
 B = Non-inter-level travel time spent in this place.
 C = Inter-level travel time spent in this place.
 D = Time resting spent in this place.
 E = Time spent auto-exploring this place.
 F = Levels seen in this place.
 G = Mean time per level.
                   A        B        C        D        E       F      G
               +--------+--------+--------+--------+--------+-----+--------+
         Total |    810 |    797 |     13 |      0 |    535 |   3 |  270.0 |
       Dungeon |    810 |    797 |     13 |      0 |    535 |   3 |  270.0 |
               +--------+--------+--------+--------+--------+-----+--------+

Top non-repeatable levels by time:
     D:1: 560 daAuts
     D:4: 156 daAuts
     D:2: 93 daAuts
